 Dungeon Crawl Stone Soup version 0.30.1-1-g62c8e00024 (webtiles) character file.

Game seed: 13836087189444582033

179 Gorgoleon the Shooter (level 5, -3/25 HPs)
             Began as a Spriggan Hunter on July 18, 2023.
             Killed by divine providence
             ... invoked by an orc priest
              (12 damage)
             ... on level 3 of the Dungeon.
             The game lasted 00:04:14 (1724 turns).

Gorgoleon the Shooter (Spriggan Hunter)             Turns: 1724, Time: 00:04:14

Health: -3/25      AC:  2    Str:  7    XL:     5   Next: 32%
Magic:  6/6        EV: 18    Int: 11    God:
Gold:   114        SH:  0    Dex: 20    Spells: 4/4 levels left

rFire   . . .        a - +0 shortbow
rCold   . . .        (shield currently unavailable)
rNeg    . . .        c - +0 robe
rPois   .            (helmet restricted)
rElec   .            (no cloak)
rCorr   .            (gloves unavailable)
SInv    +            (boots unavailable)
Will    .....        (no amulet)
Stlth   ++           (no ring)
HPRegen 0.24/turn    (no ring)
MPRegen 0.10/turn

%: no passive effects
@: very quick
A: very small, no large weapons, unfitting armour, see invisible, speed 3
a: no special abilities


You were on level 3 of the Dungeon.
You visited 1 branch of the dungeon, and saw 3 of its levels.

You collected 114 gold pieces.

Inventory:

Hand Weapons
 a - a +0 shortbow (weapon)
Armour
 c - a +0 robe (worn)
Scrolls
 b - 2 scrolls of immolation
 d - 3 scrolls of teleportation {unknown}
 e - a scroll of fear {unknown}
 g - 2 scrolls of identify {unknown}
 h - a scroll of acquirement {unknown}
 j - a scroll of amnesia {unknown}
 m - a scroll of blinking {unknown}
Potions
 f - a potion of cancellation {unknown}
 i - 2 potions of lignification {unknown}
 k - a potion of resistance {unknown}
 l - a potion of heal wounds {unknown}
 n - a potion of might {unknown}
 o - 3 potions of curing {unknown}
 p - a potion of invisibility {unknown}
 q - a potion of degeneration {unknown}


   Skills:
 - Level 1.5 Fighting
 + Level 6.7 Ranged Weapons
 - Level 2.6 Dodging
 - Level 1.5 Stealth


You had 4 spell levels left.
You didn't know any spells.
Your spell library was empty.

Dungeon Overview and Level Annotations

Branches:
Dungeon (3/15)

Altars:

Annotations:
D:3 Grinder


Innate Abilities, Weirdness & Mutations

You are very small and have problems with some larger weapons.
You are too small for most types of armour.
You have supernaturally acute eyesight. (SInv)
You cover ground extremely quickly. (Speed+++)


Message History

You shoot an arrow. The arrow hits the orc.
You kill the orc!
You shoot an arrow.
The arrow hits the orc priest but does no damage.
The orc priest calls down the wrath of Beogh upon you.
Beogh smites you!
Ouch! That really hurt!
You are too injured to fight recklessly!
You are too injured to fight recklessly!
The orc priest misses you.
You climb upwards.
There is a stone staircase leading down here.
You start resting.
HP restored.
You climb downwards.
There is a stone staircase leading up here.
No target in view!
You now have 114 gold pieces (gained 8).
Grinder comes into view.
She is carrying a wand of flame (19).
You shoot an arrow. The arrow closely misses Grinder.
Grinder shouts!
Grinder zaps a wand.
The puff of flame misses you.
You shoot an arrow. The arrow closely misses Grinder.
The orc priest shouts!
You shoot an arrow. The arrow hits Grinder.
Grinder is lightly wounded.
Grinder blinks!
You shoot an arrow. The arrow hits the orc priest!
The orc priest is heavily wounded.
You shoot an arrow.
The arrow hits the orc priest but does no damage.
The orc priest is heavily wounded.
The orc priest hits you from afar with a +0 trident!
You shoot an arrow. The arrow hits the orc priest.
The orc priest is almost dead.
The orc priest hits you but does no damage.
The orc priest hits you from afar with a +0 trident!
The orc priest mumbles some strange prayers to Beogh against you.
Beogh smites you!
You die...

^ ..#.......##.......... . #.
#..#..##.............. #. .#
#..)................. #.. .##
.........[#.......... #.#.
....###......<.....[.....
#$...#. ......................
#......#####............#.....
#......##.........#.##....
######...o5.@...#.#.# ..
####.#.......#.# #...........
#...#........ #...##........
#.##.......... .. .........
... ......... .... .#######


You could see Grinder and an orc priest.

Vanquished Creatures
  A hound (D:3)
  2 jellies (D:2)
  2 adders (D:2)
  2 worms (D:2)
  A dart slug (D:2)
  5 orcs
  12 endoplasms
  A giant cockroach (D:2)
  A hobgoblin (D:1)
  4 jackals (D:1)
  8 kobolds (D:2)
  2 quokkas
  5 ball pythons
  2 bats
  3 frilled lizards
  4 goblins
  7 rats
62 creatures vanquished.

Notes
Turn   | Place    | Note
-------+----------+-------------------------------------------
     0 | D:1      | Gorgoleon the Spriggan Hunter began the quest for the Orb.
     0 | D:1      | Reached XP level 1. HP: 10/10 MP: 2/2
   218 | D:1      | Reached XP level 2. HP: 14/14 MP: 3/3
   598 | D:2      | Reached skill level 5 in Ranged Weapons
   681 | D:2      | Reached XP level 3. HP: 18/18 MP: 4/4
  1086 | D:2      | Reached XP level 4. HP: 22/22 MP: 5/5
  1106 | D:2      | Reached skill level 6 in Ranged Weapons
  1429 | D:3      | Reached XP level 5. HP: 25/25 MP: 6/6
  1709 | D:3      | Noticed Grinder
  1724 | D:3      | Killed from afar by an orc priest

Illustrated notes

Levels and vault maps discovered:
D:1:      wander_arrival_estate, layout_rooms, serial_glass, glass_columns_c,
          glass_columns_a, due_unseen_surprise, feat_on_display,
          feat_on_display, item_on_display_a, lemuel_flame_loot_1
D:2:      cheibrodos_fertilizer, layout_basic
D:3:      layout_rooms, gammafunk_temple_overflow_claw, chei_slow_surprise,
          grunt_temple_overflow_open, uniq_grinder

Skill      XL: |  1  2  3  4 |
---------------+-------------+-----
Ranged Weapons | 5 6 |  6.7
Fighting       | |  1.5
Dodging        | |  2.6
Stealth        | |  1.5

Action                     |  1- 3 |  4- 6 || total
---------------------------+-------+-------++-------
   Fire: Shortbow          |   102 |    57 ||   159
 Armour: Robe              |     1 |     3 ||     4
  Dodge: Dodged            |     9 |    18 ||    27
